 Dungeon Crawl Stone Soup version 0.18.1-6-gd335043 (webtiles) character file.

133 Gingerlord the Skirmisher (level 5, 0/43 HPs)
             Began as a Formicid Abyssal Knight on May 17, 2016.
             Was a Believer of Lugonu.
             Slain by a worm (2 damage)
             ... on level 3 of the Dungeon.
             The game lasted 00:04:39 (2731 turns).

Gingerlord the Skirmisher (Formicid Abyssal Knight) Turns: 2731, Time: 00:04:40

Health: 0/43       AC:  6    Str: 16    XL:     5   Next: 39%
Magic:  6/6        EV: 10    Int: 12    God:    Lugonu [**....]
Gold:   138        SH:  0    Dex: 14    Spells: 0 memorised, 4 levels left

rFire  . . .     SeeInvis +     a - +1 falchion
rCold  . . .     Gourm    .     s - +0 scale mail
rNeg   . . .     Faith    .     (no shield)
rPois  .         Spirit   .     (helmet unavailable)
rElec  .         Dismiss  .     (no cloak)
rCorr  .         Reflect  .     (no gloves)
SustAt .         Harm     .     (no boots)
MR     .....                    (no amulet)
Stlth  ..........               d - +3 ring of dexterity
                                e - ring of flight

@: lethally poisoned (0 -> -2), not resistant to hostile enchantments, extremely
unstealthy
A: permanent stasis, dig shafts and tunnels, four strong arms, antennae 3
a: Dig, Shaft Self, Depart the Abyss, Bend Space, Renounce Religion, Evoke
Flight


You were on level 3 of the Dungeon.
You worshipped Lugonu.
Lugonu was pleased with you.
You were not hungry.

You visited 1 branch of the dungeon, and saw 3 of its levels.
You visited the Abyss 1 time.

You collected 138 gold pieces.

Inventory:

Hand Weapons
 a - a +1 falchion (weapon)
Armour
 s - a +0 scale mail (worn)
Jewellery
 d - a +3 ring of dexterity (right hand)
 e - a ring of flight (left hand)
Scrolls
 g - a scroll of magic mapping {unknown}
 l - 2 scrolls of identify {unknown}
 m - a scroll of immolation {unknown}
 n - a scroll of enchant armour {unknown}
 q - a scroll of fear {unknown}
Potions
 i - a potion of haste {unknown}
 k - a potion of curing
 p - 2 potions of lignification {unknown}
 r - a potion of degeneration {unknown}
Comestibles
 c - 2 bread rations
 f - 5 beef jerkies
 h - 3 fruits
 j - a meat ration


   Skills:
 + Level 4.6 Fighting
 + Level 2.5 Long Blades
 + Level 2.8 Armour
 + Level 2.1 Dodging
 - Level 1.1 Stealth
 * Level 2.5 Invocations


You had 4 spell levels left.
You didn't know any spells.

Dungeon Overview and Level Annotations

Branches:
Dungeon (3/15)

Altars:
The Shining One

Annotations:
D:3 Sigmund


Innate Abilities, Weirdness & Mutations

You are under a permanent stasis effect.
You can dig through walls and to a lower floor.
Your four strong arms can wield two-handed weapons with a shield.
You have a pair of large antennae on your head (SInv).


Message History

You hit the worm.
The worm is heavily wounded.
The worm misses you.
You hit the worm.
The worm is heavily wounded.
You feel sick.
You hit the worm.
The worm is severely wounded.
You feel sick. The worm closely misses you.
You hit the worm.
The worm is almost dead.
The worm bites you!
* * * LOW HITPOINT WARNING * * *
You completely miss the worm.
The worm is almost dead.
You hit the worm but do no damage.
The worm is almost dead.
* * * LOW HITPOINT WARNING * * *
You feel sick. The worm bites you.
You die...

#...............# #.
#.# #.......#########
#. #.#
#.#...#############.
#.#
###.#.....).........#.
#.#
....###.†.........#
#.# #......####.####.#
# #.###..# #.# #.#.#
#..# ##.####......
#..# #...w@......#
#/.###.#.#####.### {
#........# {
##.###.#w# #.# #....#
#..........
####.....### ...#..##
###...##


You could see a worm.

Vanquished Creatures
  Ijyb (D:3)
  3 adders (D:2)
  3 oozes
  5 worms
  2 giant geckos
  2 orcs (D:3)
  2 giant cockroaches
  5 hobgoblins
  6 kobolds
  A quokka (D:3)
  6 bats
  3 giant newts
  8 goblins
  10 rats
57 creatures vanquished.

Notes
Turn   | Place    | Note
--------------------------------------------------------------
     0 | Abyss:1  | Gingerlord the Formicid Abyssal Knight began the quest for the Orb.
     0 | Abyss:1  | Reached XP level 1. HP: 18/18 MP: 2/2
    76 | Abyss:1  | Noticed a small abomination
    91 | Abyss:1  | Noticed an efreet
    93 | D:1      | Escaped the Abyss
   199 | D:1      | Reached XP level 2. HP: 16/25 MP: 3/3
   242 | D:1      | Reached skill level 1 in Dodging
   663 | D:1      | Reached * piety under Lugonu
   663 | D:1      | Reached skill level 4 in Fighting
   809 | D:1      | Reached XP level 3. HP: 30/30 MP: 4/4
   865 | D:2      | Found a glowing golden altar of the Shining One.
  1165 | D:2      | Reached XP level 4. HP: 33/38 MP: 5/5
  1720 | D:2      | Reached skill level 1 in Stealth
  2387 | D:3      | Reached ** piety under Lugonu
  2414 | D:3      | Reached XP level 5. HP: 37/43 MP: 6/6
  2440 | D:3      | Noticed Sigmund
  2706 | D:3      | Noticed Ijyb
  2724 | D:3      | Killed Ijyb
  2729 | D:3      | HP: 2/43 [worm (8)]
  2731 | D:3      | Slain by a worm

Skill      XL: |  1  2  3  4 |
---------------+-------------+-----
Dodging        | 1 2 |  2.1
Fighting       | 4 |  4.6
Stealth        | 1 |  1.1
Long Blades    | |  2.5
Armour         | |  2.8
Invocations    | |  2.5

Action                   |  1- 3 |  4- 6 || total
-------------------------+-------+-------++-------
Melee: Falchion          |    78 |   130 ||   208
Invok: Depart the Abyss  |     1 |       ||     1
  Use: Scroll            |     1 |       ||     1
       Potion            |       |     1 ||     1
 Stab: Sleeping          |       |     2 ||     2
  Eat: Chunk             |     1 |     5 ||     6
Armor: Leather armour    |    19 |    28 ||    47
       Scale mail        |       |     9 ||     9
Dodge: Dodged            |    48 |    86 ||   134
